 Dungeon Crawl Stone Soup version 0.27.0-1-g7a089689b8 (webtiles) character file.

Game seed: 1848924228983392215

284 Crownlay the Cleaver (level 6, -5/51 HPs)
             Began as a Hill Orc Fighter on Aug 16, 2021.
             Slain by an orc warrior (13 damage)
             ... on level 5 of the Dungeon.
             The game lasted 00:02:53 (3035 turns).

Crownlay the Cleaver (Hill Orc Fighter)             Turns: 3035, Time: 00:02:56

Health: -5/51      AC:  8    Str: 26 (27) XL:     6   Next: 29%
Magic:  6/6        EV: 10    Int:  6 (8)  God:
Gold:   102        SH:  0    Dex:  7 (10) Spells: 5/5 levels left

rFire    . . .     SeeInvis .   a - +0 war axe
rCold    . . .     Faith    .   (no shield)
rNeg     . . .     Spirit   .   b - +0 scale mail
rPois    .         Reflect  .   (no helmet)
rElec    .         Harm     .   (no cloak)
rCorr    .         Rampage  .   (no gloves)
Will     .....                  l - +0 pair of boots
Stlth    ..........             (no amulet)
HPRegen  0.17/turn              k - +6 ring of strength
MPRegen  0.10/turn              (no ring)

@: confused, mighty, ambrosia-drunk, marked
A: no striking features
a: no special abilities


You were on level 5 of the Dungeon.
You visited 1 branch of the dungeon, and saw 6 of its levels.

You collected 102 gold pieces.

Inventory:

Hand Weapons
 a - a +0 war axe (weapon)
Armour
 b - a +0 scale mail (worn)
 c - a +0 kite shield
 l - a +0 pair of boots (worn)
Jewellery
 k - a +6 ring of strength (left hand)
Scrolls
 e - a scroll of enchant armour {unknown}
 f - a scroll of fog {unknown}
 g - a scroll of identify {unknown}
 m - a scroll of teleportation {unknown}
 n - 2 scrolls of vulnerability {unknown}
 p - a scroll of enchant weapon {unknown}
 q - a scroll of holy word {unknown}
Potions
 h - a potion of ambrosia
 i - 3 potions of curing
 o - a potion of brilliance {unknown}


   Skills:
 - Level 3.6 Fighting
 + Level 8.5 Axes
 - Level 3.2 Armour
 - Level 3.2 Shields


You had 5 spell levels left.
You didn't know any spells.
Your spell library was empty.

Dungeon Overview and Level Annotations

Branches:
Dungeon (6/15)
 Temple: D:4-7

Altars:
Gozag
Wu Jian


Message History

You completely miss the orc warrior. You slash the bullfrog!
You kill the bullfrog!
An orc wizard comes into view. It is wielding a +0 dagger.
Your Axes skill gained 2 levels and is now at level 8!
You have reached level 6!
Your experience leads to an increase in your attributes!
Your base attributes are Str 20, Int 8, Dex 10.
Increase (S)trength, (I)ntelligence, or (D)exterity?
You feel stronger.
The orc priest threatens, "By the altar or by the axe, you will meet Beogh!"
You slash the orc priest!
You kill the orc priest!
You barely miss the orc warrior.
An orc wizard comes into view. It is wielding a +0 dagger.
The orc warrior hits you with a +0 battleaxe!!
* * * LOW HITPOINT WARNING * * *
An orc comes into view. It is wielding a +0 dagger.
An orc wizard comes into view. It is wielding a +0 dagger.
A phantom comes into view.
It was a potion of curing.
You feel better. The orc warrior barely misses you.
An orc comes into view. It is wielding a +0 short sword.
Okay, then.
It was a potion of ambrosia.
You are confused.
You feel invigorated.
An orc wizard comes into view.
It is wielding a +0 dagger and wearing a +2 robe of fire resistance.
The orc wizard casts a spell at you. The magic dart hits you.
* * * LOW HITPOINT WARNING * * *
The orc warrior hits you with a +0 battleaxe.
* * * LOW HITPOINT WARNING * * *
An orc comes into view. It is wielding a +0 dagger.
It was a potion of degeneration.
There was something very wrong with that liquid.
You feel weakened.
You feel dopey.
You feel clumsy.
The orc wizard gestures wildly while chanting.
The orc wizard flickers and vanishes!
Deactivating autopickup; reactivate with Ctrl-A.
The orc warrior hits you with a +0 battleaxe!
You die...

≈.#....#
.#.....
#..#W###
....!.
....# #
#...#{#.#.
#.oo..o...
#.@..o...o
#.o.#.####
#####


You could see an orc warrior, a phantom, 3 orc wizards and 2 orcs.

Vanquished Creatures
  A bullfrog (D:5)
  A scorpion (D:5)
  2 orc priests
  6 adders
  A worm (D:2)
  2 dart slugs
  4 orcs
  2 ball pythons
  2 bats
  3 endoplasms
  2 giant cockroaches
  2 goblins
  3 hobgoblins
  2 jackals (D:3)
  A quokka (D:1)
  3 frilled lizards
  4 kobolds
  3 rats
  2 bushes (D:1)
46 creatures vanquished.

Vanquished Creatures (others)
  2 plants (D:1)
2 creatures vanquished.

Grand Total: 48 creatures vanquished

Notes
Turn   | Place    | Note
-------+----------+-------------------------------------------
     0 | D:1      | Crownlay the Hill Orc Fighter began the quest for the Orb.
     0 | D:1      | Reached XP level 1. HP: 19/19 MP: 1/1
    24 | D:1      | Reached skill level 3 in Axes
   249 | D:1      | Reached XP level 2. HP: 23/26 MP: 2/2
   406 | D:1      | Reached skill level 4 in Axes
   931 | D:2      | Reached XP level 3. HP: 30/31 MP: 3/3
  1165 | D:2      | Reached skill level 5 in Axes
  1165 | D:2      | Reached XP level 4. HP: 39/39 MP: 4/4
  1426 | D:2      | Reached skill level 6 in Axes
  2125 | D:3      | Found an opulent altar of Gozag.
  2217 | D:3      | Found an ornate altar of the Wu Jian Council.
  2416 | D:3      | Reached XP level 5. HP: 26/45 MP: 5/5
  3013 | D:4      | You fall into a shaft and drop 2 floors!
  3025 | D:5      | Entered Level 5 of the Dungeon
  3028 | D:5      | Noticed an orc warrior
  3032 | D:5      | Reached skill level 8 in Axes
  3032 | D:5      | Reached XP level 6. HP: 20/51 MP: 6/6
  3032 | D:5      | HP: 2/51 [orc warrior (18)]
  3035 | D:5      | Slain by an orc warrior

Illustrated notes

Levels and vault maps discovered:
D:1:      beargit_arrival_greenhouse, layout_rooms, serial_forest,
          infiniplex_forest_3_way, infiniplex_forest_straight_2,
          infiniplex_forest_straight_1, infiniplex_forest_clump_small,
          infiniplex_forest_end_3, infiniplex_forest_lined_room_2,
          infiniplex_forest_split, corexii_hall_statues_l, minivault_4
D:2:      layout_basic
D:3:      layout_basic, lemuel_crystal_altar, nicolae_wu_jian_wuxing_cycle,
          st_stairs_11
D:4:      layout_cave_pods, minmay_temple_entry_statues_fountains,
          chequers_arboretum
D:5:      gammafunk_wand_slinger, layout_basic, ashenzari_conservatory_becter,
          nicolae_hepliaklqana_hazy_memory, grunt_ministairs_10
D:6:      layout_cave_pools, guppyfry_early_elven_hall

Skill      XL: |  1  2  3  4  5 |
---------------+----------------+-----
Axes           | 3 4 5 6 8 |  8.5
Fighting       | |  3.6
Armour         | |  3.2
Shields        | |  3.2

Action                   |  1- 3 |  4- 6 || total
-------------------------+-------+-------++-------
Melee: War axe           |   145 |    79 ||   224
  Use: Potion            |       |     4 ||     4
Armor: Scale mail        |    49 |    42 ||    91
Dodge: Dodged            |    36 |    39 ||    75
Block: Kite shield       |    22 |       ||    22
